 Dungeon Crawl Stone Soup version 0.23.1-41-g7e51ed3 (webtiles) character file.

Game seed: 7875610383095768350

125 sagitran the Covered (level 5, 0/55 HPs)
             Began as a Human Wanderer on Mar 29, 2019.
             Slain by Purgy (2 damage)
             ... in a sewer.
             The game lasted 00:10:35 (2496 turns).

sagitran the Covered (Human Wanderer)               Turns: 2496, Time: 00:10:36

Health: 0/55       AC:  6    Str: 18    XL:     5   Next: 30%
Magic:  5/5        EV: 11    Int: 13    God:
Gold:   145        SH:  0    Dex: 14    Spells: 4/4 levels left

rFire    . . .     SeeInvis .   a - +4 spear
rCold    . . .     Gourm    .   (no shield)
rNeg     . . .     Faith    .   b - +0 ring mail
rPois    .         Spirit   .   (no helmet)
rElec    .         Reflect  .   (no cloak)
rCorr    +         Harm     .   (no gloves)
MR       .....                  (no boots)
Stlth    ..........             (no amulet)
HPRegen  0.18/turn              f - +2 ring of intelligence
MPRegen  0.09/turn              v - ring of resist corrosion

@: berserking, quick
A: no striking features
a: no special abilities


You were in a sewer.
You were not hungry.

You visited 1 branch of the dungeon, and saw 3 of its levels.
You also visited: Sewer.

You collected 145 gold pieces.

Inventory:

Hand Weapons
 a - a +4 spear (weapon)
 g - a +0 hunting sling
Missiles
 k - 93 stones (quivered)
Armour
 b - a +0 ring mail (worn)
Jewellery
 f - a +2 ring of intelligence (left hand)
 v - a ring of resist corrosion (right hand)
Scrolls
 q - 2 scrolls of identify
 r - a scroll of magic mapping
Potions
 c - a potion of curing
 e - a potion of berserk rage
 h - a potion of brilliance {unknown}
 j - a potion of agility {unknown}
 l - 3 potions of degeneration {unknown}
 p - a potion of might {unknown}
 u - a potion of cancellation {unknown}
Comestibles
 d - 3 rations


   Skills:
 + Level 1.5 Fighting
 + Level 2.2 Polearms
 + Level 2.0(2.2) Slings
 + Level 1.0(1.6) Throwing
 + Level 7.4 Armour
 + Level 1.1 Dodging
 + Level 0.1 Stealth
   Level 1.0 Evocations


You had 4 spell levels left.
You didn't know any spells.
Your spell library was empty.

Dungeon Overview and Level Annotations

Branches:
Dungeon (3/15)

Altars:
Dithmenos
Gozag

Annotations:
Sewer Purgy


Message History

Purgy completely misses you. Purgy barely misses you. Purgy misses you.
You completely miss Purgy.
Purgy is lightly wounded.
Purgy barely misses you. Purgy closely misses you. Purgy barely misses you.
You puncture Purgy!
Purgy is heavily wounded.
Your unstable footing causes you to fumble your attack.
Purgy bites you but does no damage. Purgy completely misses you.
Purgy claws you but does no damage.
Your unstable footing causes you to fumble your attack.
Your unstable footing causes you to fumble your attack.
Purgy bites you!
* * * LOW HITPOINT WARNING * * *
Purgy closely misses you. Purgy barely misses you.
You puncture Purgy!
Purgy is almost dead.
Purgy bites you.
* * * LOW HITPOINT WARNING * * *
Purgy closely misses you. Purgy claws you.
You die...

≈.≈.#
#..≈≈≈≈≈≈≈≈≈≈≈≈
≈#.##
##..#†≈≈≈≈≈≈≈≈≈
.###
####≈≈≈≈≈≈≈≈≈≈ ##
##≈≈≈≈≈≈≈≈≈
##≈≈≈≈≈≈≈≈ #
###.≈≈≈≈≈≈# ##
#.≈≈≈≈≈≈≈≈# =#
?#######≈≈≈≈≈≈≈≈#
##
.≈≈...T@≈≈≈≈≈≈≈≈#
!#######≈≈≈≈≈≈≈≈≈
#≈≈≈≈≈≈≈≈#
#≈≈≈≈≈≈≈≈≈
#≈≈≈≈≈≈≈≈≈
≈≈≈≈≈≈≈≈≈
≈≈≈≈≈≈≈≈# ≈
≈≈≈≈≈≈≈ ≈≈


You could see Purgy.

Vanquished Creatures
  A bullfrog zombie (D:2)
  An adder (D:3)
  2 oozes
  2 worms
  A dart slug (D:1)
  6 leopard geckos
  An orc (D:2)
  4 ball pythons
  2 bats
  2 giant cockroaches (D:1)
  8 goblins
  4 hobgoblins
  6 jackals (D:1)
  A quokka (D:2)
  5 frilled lizards
  7 kobolds
  5 rats
58 creatures vanquished.

Notes
Turn   | Place    | Note
-------+----------+-------------------------------------------
     0 | D:1      | sagitran the Human Wanderer began the quest for the Orb.
     0 | D:1      | sagitran set off with the following items: a +2 spear, a +0
                  | ring mail, a potion of curing, a ration
     0 | D:1      | Reached XP level 1. HP: 15/15 MP: 1/1
    48 | D:1      | Reached XP level 2. HP: 9/21 MP: 2/2
   258 | D:1      | Reached XP level 3. HP: 21/26 MP: 3/3
   772 | D:1      | Reached skill level 1 in Slings
  1008 | D:1      | Reached skill level 1 in Polearms
  1232 | D:2      | Reached skill level 1 in Dodging
  1232 | D:2      | Reached XP level 4. HP: 20/32 MP: 4/4
  2133 | D:3      | Reached XP level 5. HP: 33/37 MP: 5/5
  2325 | D:3      | Found an opulent altar of Gozag.
  2393 | D:3      | Found a shadowy altar of Dithmenos.
  2408 | D:3      | Found a glowing drain.
  2413 | Sewer    | Entered a sewer
  2478 | Sewer    | Noticed Purgy
  2496 | Sewer    | HP: 2/55 [Purgy (5)]
  2496 | Sewer    | Slain by Purgy

Skill      XL: |  1  2  3  4  5 |
---------------+----------------+-----
Slings         | 1 2 |  2.0
Polearms       | 1 2 |  2.2
Dodging        | 1 |  1.1
Fighting       | |  1.5
Throwing       | |  1.0
Armour         | |  7.4
Stealth        | |  0.1
Evocations     | |  1.0

Action                   |  1- 3 |  4- 6 || total
-------------------------+-------+-------++-------
Melee: Spear             |    68 |    79 ||   147
 Fire: Hunting sling     |    30 |    28 ||    58
  Use: Scroll            |       |     8 ||     8
       Potion            |       |     3 ||     3
  Eat: Ration            |     1 |     1 ||     2
Armor: Ring mail         |    64 |    45 ||   109
Dodge: Dodged            |    67 |    51 ||   118
